 Dungeon Crawl Stone Soup version 0.26.1-11-gd32895ea62 (webtiles) character file.

Game seed: 9796317554149105109

15145 Zeld the Thrower (level 11, -20/85 HPs)
             Began as a White Draconian Gladiator on July 12, 2021.
             Was an Initiate of Qazlal.
             Killed from afar by a gargoyle (29 damage)
             ... with a stone arrow
             ... on level 11 of the Dungeon on July 13, 2021.
             The game lasted 00:42:40 (29881 turns).

Zeld the Thrower (White Draconian Gladiator)       Turns: 29881, Time: 00:42:41

Health: -20/85     AC: 15    Str: 20      XL:     11   Next: 98%
Magic:  13/13      EV: 13    Int:  7      God:    Qazlal [......]
Gold:   770        SH:  9    Dex: 10 (12) Spells: 10/10 levels left

rFire    + . .     SeeInvis .   a - +6 mace (protect)
rCold    + . .     Faith    .   v - +0 buckler
rNeg     . . .     Spirit   .   (armour unavailable)
rPois    .         Reflect  +   b - +0 hat
rElec    .         Harm     .   y - +0 cloak
rCorr    +         Rampage  .   (no gloves)
Will     .....                  (no boots)
Stlth    +.........             O - amulet of reflection
HPRegen  0.24/turn              A - ring of resist corrosion
MPRegen  0.13/turn              G - ring of protection from fire

@: short of breath, protection aura
A: breathe frost, unfitting armour, cold resistance 1, deterioration 1, dopey 1,
cold-blooded, AC +7
a: Breathe Frost, Renounce Religion


You were on level 11 of the Dungeon.
You worshipped Qazlal.
Qazlal was noncommittal.
You visited 2 branches of the dungeon, and saw 13 of its levels.
You also visited: Trove.

You collected 770 gold pieces.

Inventory:

Hand Weapons
 a - a +6 mace of protection (weapon)
Missiles
 g - 496 stones
 r - 12 boomerangs
 s - 35 poisoned darts (quivered)
 F - a throwing net
Armour
 b - a +0 hat (worn)
 v - a +0 buckler (worn)
 y - a +0 cloak (worn)
Jewellery
 A - a ring of resist corrosion (left hand)
 G - a ring of protection from fire (right hand)
 O - an amulet of reflection (around neck)
Wands
 m - a wand of polymorph (14)
Scrolls
 c - a scroll of enchant armour
 h - 5 scrolls of remove curse
 l - 6 scrolls of magic mapping
 C - a scroll of noise {unknown}
Potions
 f - 2 potions of cancellation {unknown}
 j - 3 potions of degeneration {unknown}
 o - a potion of haste {unknown}
 p - a potion of mutation {unknown}
 q - 6 potions of heal wounds {unknown}
 t - a potion of ambrosia {unknown}
 u - a potion of magic {unknown}
 x - a potion of attraction {unknown}
 z - 2 potions of flight {unknown}
 B - a potion of resistance {unknown}
 D - a potion of lignification {unknown}
 I - a potion of might {unknown}


   Skills:
 + Level 4.7 Fighting
 * Level 11.5 Maces & Flails
 - Level 12.0 Throwing
 + Level 4.4 Dodging
 - Level 0.1 Stealth
 - Level 4.0 Shields
 + Level 3.8 Invocations
 * Level 4.9 Evocations


You had 10 spell levels left.
You didn't know any spells.
Your spell library contained the following spells:

 Spells                   Type           Power        Failure   Level
 Beastly Appendage        Tmut           0%           43%         1
 Corona                   Hex            0%           43%         1
 Foxfire                  Conj/Fire      0%           43%         1
 Magic Dart               Conj           0%           43%         1
 Sting                    Tmut/Pois      0%           43%         1
 Blink                    Tloc           N/A          56%         2
 Call Imp                 Summ           0%           56%         2
 Ensorcelled Hibernation  Hex/Ice        0%           56%         2
 Poisonous Vapours        Pois/Air       0%           56%         2
 Slow                     Hex            0%           56%         2
 Wereblood                Tmut           0%           56%         2
 Confusing Touch          Hex            0%           80%         3
 Conjure Flame            Conj/Fire      0%           80%         3
 Dazzling Flash           Conj/Hex       0%           80%         3
 Ignite Poison            Fire/Tmut/Pois 0%           80%         3
 Inner Flame              Hex/Fire       0%           80%         3
 Mephitic Cloud           Conj/Pois/Air  0%           80%         3
 Spider Form              Tmut/Pois      0%           80%         3
 Tukima's Dance           Hex            0%           80%         3
 Ice Form                 Ice/Tmut       0%           99%         4
 Olgreb's Toxic Radiance  Pois           0%           99%         4
 Sticky Flame             Conj/Fire      0%           99%         4
 Blade Hands              Tmut           0%           100%        5
 Fireball                 Conj/Fire      0%           100%        5


Dungeon Overview and Level Annotations

Branches:
Dungeon (12/15)            Temple (1/1) D:6            Lair (0/6) D:9
    Orc (0/2) D:11

Altars:
Ashenzari
Cheibriados
Dithmenos
Elyvilon
Fedhas
Gozag
Hepliaklqana
Kikubaaqudgha
Makhleb
Nemelex Xobeh
Okawaru
Qazlal
Ru
Sif Muna
Trog
Uskayaw
Vehumet
Wu Jian
Xom
Yredelemnul
Zin
The Shining One
Beogh
Jiyva

Shops:
D:8 ((

Annotations:
D:10 1 transporter


Innate Abilities, Weirdness & Mutations

You can breathe waves of freezing cold.
You can buffet flying creatures when you breathe cold.
Your icy white scales are hard. (AC +7)
You cannot fit into any form of body armour.
Your flesh is cold resistant. (rC+)
You are cold-blooded and may be slowed by cold attacks.
Your body sometimes deteriorates upon taking damage.
You are dopey. (Int -2)


Message History

* * * LOW HITPOINT WARNING * * *
You block the gargoyle's attack.
You hit the gargoyle but do no damage.
You tail-slap the gargoyle, but do no damage.
The gargoyle is severely damaged.
You hit the gargoyle but do no damage.
You tail-slap the gargoyle, but do no damage.
The gargoyle is severely damaged.
The gargoyle hurls a stone arrow at you.
The stone arrow hits you.
* * * LOW HITPOINT WARNING * * *
You hit the gargoyle but do no damage.
The gargoyle is severely damaged.
The gargoyle hurls a stone arrow at you.
The stone arrow misses you.
You hit the gargoyle but do no damage.
The gargoyle is severely damaged.
The gargoyle hurls a stone arrow at you.
The stone arrow hits you!!
You die...

#......#.................#####..
#......##########...............
#####...........######......####
#................#......'...
#................#......#...
#................########().
####...............:....<).....
#..............................
#.............@9...............
#........................[.....
#.....######...................
#.....#....#...#####...........
#.....'....#...#...#...........
#.....#....#...#...#...........
#.....#....#...#...#...........
##.....#....#...#...############
#......#....#...#..........>....


You could see a gargoyle.

Vanquished Creatures
  A two-headed ogre (D:10)
  2 unseen horrors
  A manticore (D:11)
  2 ugly things
  A cyclops (D:11)
  The ghost of nothank2 the Basher, a novice GrFi of Makhleb (D:7)
  Psyche (D:8)
  A centaur zombie (D:11)
  A centaur skeleton (D:10)
  A kobold demonologist (D:7)
  A komodo dragon (D:9)
  2 trolls
  A hornet (D:8)
  A shadow (D:11)
  4 wyverns
  2 wraiths
  Eustachio (D:4)
  A vampire (D:11)
  A human (D:8)
  8 yaks (D:11)
  2 basilisks (D:9)
  A water moccasin (D:10)
  A swamp drake (D:9)
  A sky beast (D:9)
  4 black bears
  An ice beast (D:11)
  5 orc warriors
  3 phantoms
  2 necrophages
  6 ogres
  An eye of draining (D:9)
  6 centaurs
  9 big kobolds
  10 bullfrogs
  5 scorpions
  A killer bee (shapeshifter) (D:9)
  A wyvern skeleton (D:8)
  9 killer bees
  A bullfrog zombie (D:6)
  2 quasits
  2 jellies
  A bullfrog skeleton (D:5)
  2 gnoll shamans
  5 orc priests
  4 hounds
  Jessica (D:2)
  A human skeleton (D:8)
  3 iguanas
  18 worker ants
  5 orc wizards
  Terence (D:2)
  2 hound zombies
  A hound skeleton (D:7)
  A howler monkey zombie (D:7)
  A worker ant zombie (D:11)
  10 gnolls
  A howler monkey skeleton (D:5)
  11 adders
  A shadow imp (D:8)
  4 white imps
  An ooze (D:3)
  2 worms (D:4)
  A dart slug (D:4)
  6 leopard geckos
  49 orcs
  11 bats
  3 giant cockroaches
  6 goblins
  7 hobgoblins
  8 jackals
  4 quokkas
  A ball python (D:1)
  10 frilled lizards
  A goblin zombie (D:8)
  A jackal zombie (D:8)
  16 kobolds
  13 rats
320 creatures vanquished.

Vanquished Creatures (collateral kills)
  A basilisk (D:12)
  A wraith (D:12)
  An eye of draining (D:12)
  A bullfrog (D:12)
  A hound (D:12)
5 creatures vanquished.

Vanquished Creatures (others)
  3 plants (D:4)
3 creatures vanquished.

Grand Total: 328 creatures vanquished

Notes
Turn   | Place    | Note
-------+----------+-------------------------------------------
     0 | D:1      | Zeld the Draconian Gladiator began the quest for the Orb.
     0 | D:1      | Reached XP level 1. HP: 17/17 MP: 1/1
   154 | D:1      | Reached skill level 2 in Throwing
   250 | D:1      | Reached XP level 2. HP: 19/24 MP: 2/2
   837 | D:2      | Found a glowing golden altar of the Shining One.
   839 | D:2      | Noticed an angel
   845 | D:2      | Found a basalt altar of Yredelemnul.
   847 | D:2      | Noticed a profane servitor
   907 | D:2      | Reached skill level 3 in Throwing
  1043 | D:2      | Reached XP level 3. HP: 29/29 MP: 3/3
  1284 | D:2      | Found a stormy altar of Qazlal.
  1286 | D:2      | Noticed a fire elemental
  1287 | D:2      | Noticed an air elemental
  1287 | D:2      | Noticed a water elemental
  1287 | D:2      | Noticed an earth elemental
  1292 | D:2      | Became a worshipper of Qazlal Stormbringer
  1308 | D:2      | Noticed Terence
  1324 | D:2      | Killed Terence
  1644 | D:2      | Noticed Jessica
  1650 | D:2      | Killed Jessica
  1651 | D:2      | Reached skill level 4 in Throwing
  1651 | D:2      | Reached XP level 4. HP: 32/36 MP: 4/4
  1700 | D:2      | Found a shimmering blue altar of Sif Muna.
  2073 | D:3      | Found a sacrificial altar of Ru.
  2135 | D:3      | Found an iron altar of Okawaru.
  2163 | D:3      | Found a broken altar of Ashenzari.
  2182 | D:3      | Reached XP level 5. HP: 39/41 MP: 5/5
  2315 | D:3      | Reached * piety under Qazlal
  2611 | D:3      | Found a shimmering altar of Xom.
  2616 | D:3      | Found a hide-covered altar of Uskayaw.
  2941 | D:4      | Reached skill level 5 in Throwing
  3931 | D:4      | Reached XP level 6. HP: 42/48 MP: 6/6
  4098 | D:4      | Reached skill level 6 in Throwing
  4401 | D:4      | Your scales start taking on an icy white colour.
  4401 | D:4      | Reached XP level 7. HP: 51/55 MP: 7/7
  4401 | D:4      | Gained mutation: Your flesh is cold resistant. (rC+) [White
                  | Draconian growth]
  4403 | D:4      | Reached skill level 7 in Throwing
  5716 | D:5      | Entered Level 5 of the Dungeon
  5733 | D:4      | Reached skill level 1 in Shields
  6571 | D:4      | Reached skill level 8 in Throwing
  6984 | D:5      | Reached XP level 8. HP: 43/61 MP: 8/8
  7754 | D:5      | Noticed Eustachio
  8127 | D:4      | Killed Eustachio
  8842 | D:6      | Reached skill level 9 in Throwing
  9109 | D:6      | Reached ** piety under Qazlal
  9226 | D:6      | Found a staircase to the Ecumenical Temple.
  9243 | Temple   | Entered the Ecumenical Temple
  9643 | D:6      | Reached skill level 10 in Throwing
  9910 | D:6      | Reached XP level 9. HP: 61/67 MP: 9/9
 10496 | D:7      | Found an opulent altar of Gozag.
 10496 | D:7      | Found a sparkling altar of Nemelex Xobeh.
 10565 | D:7      | Found a shadowy altar of Dithmenos.
 11652 | D:7      | Found a runed translucent gate.
 11652 | D:7      | Found a runed translucent gate.
 11652 | D:7      | Found a runed translucent gate.
 11653 | D:7      | Noticed a kobold demonologist
 11653 | D:7      | Noticed nothank2's ghost (novice GrFi)
 11914 | D:7      | Reached skill level 11 in Throwing
 12110 | D:8      | Found Uniotrog's Antique Weapon Boutique.
 13074 | D:8      | Noticed a troll
 14200 | D:8      | Reached *** piety under Qazlal
 14201 | D:8      | Reached skill level 12 in Throwing
 14514 | D:8      | Noticed Psyche
 14522 | D:8      | Killed Psyche
 14621 | D:8      | Reached XP level 10. HP: 72/73 MP: 10/10
 14692 | D:8      | Reached skill level 5 in Maces & Flails
 14895 | D:8      | Found a runed translucent door.
 14896 | D:8      | Found a basalt altar of Yredelemnul.
 15256 | D:8      | Found Byponoypo's Antique Weapon Shop.
 15783 | D:9      | Paralysed by a hornet for 3 turns
 19347 | D:9      | Found a staircase to the Lair.
 19435 | D:10     | Entered Level 10 of the Dungeon
 19476 | D:10     | Killed an unseen horror
 19924 | D:10     | Found a basalt altar of Yredelemnul.
 19929 | D:10     | Noticed a two-headed ogre
 20009 | D:9      | Reached skill level 10 in Maces & Flails
 20825 | D:10     | Reached XP level 11. HP: 79/79 MP: 11/11
 21980 | D:10     | Found a roughly hewn altar of Beogh.
 22008 | D:10     | Found a portal to a secret trove of treasure.
 22022 | Trove    | Entered a treasure trove
 22025 | Trove    | Got a flickering lead ring
 22029 | Trove    | Got a brightly glowing glass ring
 22032 | Trove    | Got a fine glass ring
 22036 | Trove    | Got an ancient iron ring
 22041 | Trove    | Got a fine ivory ring
 22051 | Trove    | Got an ancient marble ring
 22053 | Trove    | Got a transparent bone ring
 22068 | D:10     | Identified the ring "Qoeboal" {rElec rF++ rC- rCorr Int+3}
                  | (You found it in a treasure trove)
 22122 | D:10     | Identified the cursed ring of the Sparrow {AC-4 Int+4} (You
                  | found it in a treasure trove)
 22126 | D:10     | Identified the cursed ring of the Solstice {Will++ Str-4
                  | Int+3 Dex-3 Slay+3} (You found it in a treasure trove)
 22130 | D:10     | Identified the ring "Aczom" {+Fly rElec rF++} (You found it
                  | in a treasure trove)
 22137 | D:10     | Identified the ring "Jezelui" {*Slow rF+ Int+6} (You found
                  | it in a treasure trove)
 22140 | D:10     | Identified the ring "Xedir" {rC+ rCorr Int+3 Stlth+} (You
                  | found it in a treasure trove)
 22143 | D:10     | Identified the ring "Jeawkuac" {Ice rPois} (You found it in
                  | a treasure trove)
 22406 | D:10     | Killed a two-headed ogre
 22407 | D:10     | Reached skill level 1 in Invocations
 22407 | D:10     | Reached skill level 1 in Evocations
 22445 | D:10     | Found a transporter.
 22454 | D:10     | Found a viscous altar of Jiyva.
 23040 | D:11     | Noticed a green ugly thing
 24160 | D:11     | Noticed a boulder beetle
 24599 | D:7      | Gained mutation: You are dopey. (Int -2) [a neqoxec]
 24601 | D:7      | Gained mutation: Your body sometimes deteriorates upon
                  | taking damage. [a neqoxec]
 25063 | D:7      | Noticed a sixfirhy
 25636 | D:7      | Killed nothank2's ghost
 25858 | D:7      | Found a sparkling altar of Nemelex Xobeh.
 25859 | D:7      | Found an opulent altar of Gozag.
 26106 | D:7      | Found a shadowy altar of Dithmenos.
 26577 | D:11     | Found a staircase to the Orcish Mines.
 26588 | D:11     | Killed an unseen horror
 28059 | D:11     | Found a staircase to the Orcish Mines.
 28174 | D:12     | Noticed a two-headed ogre
 28580 | D:12     | Noticed a green ugly thing
 28625 | D:10     | Killed a green ugly thing
 29308 | D:11     | Killed a green ugly thing
 29607 | D:11     | Found a staircase to the Orcish Mines.
 29881 | D:11     | Killed from afar by a gargoyle

Illustrated notes

Levels and vault maps discovered:
D:1:      wander_arrival_desolate, layout_rooms, st_stairs_7
D:2:      layout_basic, grunt_temple_overflow_holy_war, lemuel_blue_sif_altar,
          nicolae_qazlal_style_of_elements, uniq_terence, uniq_jessica
D:3:      layout_loops_ring, general_overflow_altar, old_standard_altar,
          minitemple, hangedman_ru_absence
D:4:      minmay_recursive_quarters, layout_basic, gup_sewer_entry_bowl,
          minmay_lizard_king
D:5:      layout_layer_cave, uniq_eustachio
D:6:      layout_loops_corners, minmay_temple_entry_hall, grunt_decor_arrowhead
D:7:      layout_loops_ring, grunt_temple_overflow_opulence, old_standard_altar,
          gammafunk_ghost_nasty_kobolds
D:8:      layout_loops_ring, serial_shops, shop, kennysheep_mini_moat,
          grunt_decor_junction, dk_yredelemnul_ordeal, uniq_psyche
D:9:      layout_irregular_city, erik_lair_dragon, st_stairs_11,
          kennysheep_generic_room_15
D:10:     gammafunk_jiyva_shrine, layout_long_grid,
          nicolae_trove_entry_crossroad, special_room [special_room_orc],
          basic_altar
D:11:     layout_irregular_city, david_orc_2
D:12:     layout_rooms
Temple:   nicolae_temple_hex_pool

Skill      XL: |  1  2  3  4  5  6  7  8  9 10 11 |
---------------+----------------------------------+-----
Throwing       | 2 3 4 5 6 8 10 12 | 12.0
Shields        | 2 4 |  4.0
Maces & Flails | 4 10 11 | 11.5
Dodging        | 4 |  4.4
Invocations    | 3 |  3.8
Evocations     | 4 |  4.9
Fighting       | 4 |  4.7
Stealth        | |  0.1

Action                   |  1- 3 |  4- 6 |  7- 9 | 10-12 || total
-------------------------+-------+-------+-------+-------++-------
Melee: Flail             |    86 |       |       |       ||    86
       Tailslap          |    12 |    16 |    78 |    99 ||   205
       Mace              |     9 |   165 |   525 |   653 ||  1352
Throw: Stone             |     9 |     2 |       |       ||    11
       Throwing net      |     1 |     3 |       |       ||     4
       Dart              |       |       |       |    33 ||    33
Invok: Upheaval          |       |       |       |     4 ||     4
 Abil: Breathe Frost     |       |       |    21 |    45 ||    66
Evoke: Wand              |       |       |     9 |    13 ||    22
  Use: Scroll            |       |     5 |     2 |    26 ||    33
       Potion            |       |       |       |     9 ||     9
 Stab: Sleeping          |     1 |     1 |       |       ||     2
       Held in net/web   |       |     1 |       |       ||     1
       Paralysed         |       |       |     2 |       ||     2
Armor: Skin              |    44 |    92 |   217 |   189 ||   542
Dodge: Dodged            |    89 |   136 |   410 |   317 ||   952
Block: Other             |       |     1 |     1 |       ||     2
       Buckler           |       |       |   229 |   273 ||   502
       Reflection        |       |       |       |     5 ||     5
